 Dungeon Crawl Stone Soup version 0.29-a0-923-g6e406bff71 (webtiles) character file.

Game seed: 13099201616923193390

17297 MirrMurr the Spear-Bearer (level 12, -11/86 HPs)
             Began as a Demonspawn Gladiator on July 26, 2022.
             Was a Priest of Hepliaklqana.
             Killed from afar by an ice statue (29 damage)
             ... with a shard of ice
             ... in an ice cave on July 28, 2022.
             The game lasted 00:28:10 (13582 turns).

MirrMurr the Spear-Bearer (Demonspawn Gladiator)   Turns: 13582, Time: 00:28:11

Health: -11/86     AC: 15    Str: 20    XL:     12   Next: 17%
Magic:  15/15      EV: 13    Int: 10    God:    Hepliaklqana [***...]
Gold:   1817       SH:  7    Dex: 14    Spells: 11/11 levels left

rFire   x . .      SeeInvis .   a - +6 trident (vamp)
rCold   + . .      Faith    .   S - +0 kite shield
rNeg    . . .      Spirit   .   A - +0 scale mail
rPois   .          Reflect  .   c - +0 helmet
rElec   .          Harm     .   P - +2 cloak
rCorr   .          Rampage  .   (no gloves)
Will    .....                   L - +2 pair of boots
Stlth   ..........              O - amulet of regeneration
HPRegen 1.04/turn               u - ring of ice
MPRegen 0.14/turn               F - ring of flight

@: flying, studying 2 skills
A: reduced essence, repulsion field 2, demonic guardian 2, spiny 1, demonic
touch 2
a: Renounce Religion, Recall Ancestor, Ancestor Identity, Transference


You were in an ice cave.
You worshipped Hepliaklqana.
Hepliaklqana was most pleased with you.
You visited 2 branches of the dungeon, and saw 12 of its levels.
You also visited: Ossuary, Bailey and Ice Cave.

You collected 1817 gold pieces.

Inventory:

Hand Weapons
 a - a +6 vampiric trident (weapon)
Missiles
 d - 8 throwing nets
 e - 13 javelins
 f - 6 boomerangs (quivered)
 g - 98 stones
 z - 2 atropa-tipped darts
 B - 17 poisoned darts
 H - a curare-tipped dart
Armour
 c - a +0 helmet (worn)
 A - a +0 scale mail (worn)
 L - a +2 pair of boots (worn)
 P - a +2 cloak (worn)
 R - a +3 plate armour of fire resistance
 S - a +0 kite shield (worn)
Jewellery
 s - a ring of protection from fire
 u - a ring of ice (left hand)
 w - a ring of resist corrosion
 F - a ring of flight (right hand)
 G - a ring of see invisible
 O - an amulet of regeneration (around neck)
 U - an amulet of guardian spirit
 W - a +4 ring of protection
Wands
 t - a wand of roots (8)
 x - a wand of acid (4)
 C - a wand of digging (8)
 Q - a wand of polymorph (7)
 X - a wand of flame (11)
Scrolls
 i - a scroll of poison
 j - 9 scrolls of teleportation
 m - a scroll of magic mapping
 y - a scroll of immolation
 D - 2 scrolls of fear
 E - 2 scrolls of butterflies
 T - a scroll of summoning
 V - a scroll of identify
Potions
 b - 3 potions of berserk rage
 h - 5 potions of brilliance
 k - 3 potions of heal wounds
 l - 6 potions of mutation
 n - 3 potions of magic
 o - 3 potions of haste
 p - 2 potions of curing
 q - 5 potions of flight
 r - 2 potions of degeneration
 v - 2 potions of cancellation
 I - 2 potions of might
 J - 2 potions of resistance
 K - 2 potions of lignification
 M - 2 potions of invisibility
Miscellaneous
 N - a lightning rod (4/4)


   Skills:
 + Level 9.4 Fighting
 * Level 12.1 Polearms
 - Level 7.7 Throwing
 + Level 5.5 Armour
 - Level 6.5 Dodging
 + Level 5.0 Invocations


You had 11 spell levels left.
You didn't know any spells.
Your spell library contained the following spells:

 Spells                   Type           Power      Damage    Failure   Level
 Blink                    Tloc           0%         N/A       99%         2
 Ensorcelled Hibernation  Hex/Ice        0%         N/A       99%         2
 Passwall                 Tmut/Erth      0%         N/A       99%         2
 Poisonous Vapours        Pois/Air       0%         N/A       99%         2
 Gell's Gravitas          Tloc           0%         N/A       100%        3
 Summon Guardian Golem    Hex/Summ       0%         N/A       100%        3
 Swiftness                Air            0%         N/A       100%        3
 Teleport Other           Tloc           0%         N/A       100%        3
 Corpse Rot               Necr/Pois/Air  0%         N/A       100%        4
 Dispel Undead            Necr           0%         3d6       100%        4
 Manifold Assault         Tloc           0%         N/A       100%        5
 Death Channel            Necr           0%         N/A       100%        6
 Dispersal                Tloc           0%         N/A       100%        6
 Orb of Destruction       Conj           0%         9d5       100%        7
 Spellforged Servitor     Conj/Summ      0%         N/A       100%        7
 Storm Form               Tmut/Air       0%         N/A       100%        7


Dungeon Overview and Level Annotations

Branches:
Dungeon (11/15)            Temple (1/1) D:4            Lair (0/5) D:10
    Orc (0/2) D:10        Ossuary (visited)          Bailey (visited)
  IceCv (1/1)

Altars:
Ashenzari
Cheibriados
Dithmenos
Fedhas
Gozag
Hepliaklqana
Kikubaaqudgha
Makhleb
Nemelex Xobeh
Okawaru
Qazlal
Ru
Sif Muna
Trog
Uskayaw
Vehumet
Wu Jian
Xom
Yredelemnul

Shops:
D:4 *   D:6 :

Annotations:
IceCv exclusion: ice statue


Innate Abilities, Weirdness & Mutations

Your life essence is reduced to manifest your ancestor. (-10% HP)
You are surrounded by a moderate repulsion field. (EV +3)
A demonic guardian rushes to your aid.
You are partially covered in sharp spines.
Your touch may inflict irresistible damage on your foes.


Message History

Teglagyarimegallo is engulfed in freezing vapours.
Teglagyarimegallo closely misses the ice beast.
The ice statue gestures at you. The shard of ice hits you!!
You partially resist.
Teglagyarimegallo is engulfed in freezing vapours.
Teglagyarimegallo hits the ice beast with a +0 dagger of draining.
You completely miss the ice statue.
The ice statue is lightly damaged.
You are engulfed in freezing vapours.
You resist.
The ice beast closely misses your hellwing.
Your hellwing is engulfed in freezing vapours.
Your hellwing hits the ice statue.
Your hellwing hits the ice statue but does no damage.
You block the ice beast's attack.
Teglagyarimegallo is engulfed in freezing vapours.
Teglagyarimegallo barely misses the ice beast.
Teglagyarimegallo is engulfed in freezing vapours.
Teglagyarimegallo is destroyed!
You impale the ice statue!!
The ice statue is moderately damaged.
You are engulfed in freezing vapours.
You resist.
* * * LOW HITPOINT WARNING * * *
The ice beast hits your hellwing but does no damage.
Your hellwing is engulfed in freezing vapours.
Your hellwing hits the ice statue!
Your hellwing hits the ice statue but does no damage.
The ice beast hits you but does no damage.
The ice statue gestures.
Unknown command.
You puncture the ice statue!
The ice statue is heavily damaged.
You are engulfed in freezing vapours.
You resist.
* * * LOW HITPOINT WARNING * * *
The ice beast hits your hellwing but does no damage.
Your hellwing is engulfed in freezing vapours.
Your hellwing hits the ice statue but does no damage.
Your hellwing hits the ice statue. The ice beast closely misses you.
The ice statue gestures at you. The shard of ice hits you!!
You partially resist.
You die...

##§§§..§####
...§§....#.#
..○°..°##..#####
...§#######....###
.#### ###.R..#...## ##
##.....## #..### #
###.....#####Y.##.
##...†######Y4Y##..###
##....## #..8@°###..##
##...###
##[○○#○#.##.##
#††#########
######.###.≈#
##...##....###
######≈≈#
####....#...###
#≈≈#≈≈≈##
#######....####≈≈≈###
## ####...###≈≈≈# .###
##...##.### #..###
##.....##


You could see an ice statue (ally target), 3 ice beasts and a friendly hellwing
(summoned).

Vanquished Creatures
  2 two-headed ogres
  A rime drake (IceCv)
  A komodo dragon (D:11)
  A troll (D:11)
  3 polar bears (IceCv)
  Grinder (D:3)
  Sigmund (D:3)
  32 yaks
  4 steam dragons
  Grum (Bailey)
  3 water moccasins
  A sky beast (D:6)
  A black bear (D:5)
  An orc warrior (D:11)
  10 wolves
  8 centaurs
  A phantom (D:4)
  3 bullfrogs
  3 kobold brigands
  6 gnoll sergeants
  6 scorpions
  A necrophage (D:7)
  6 wights
  2 howler monkeys
  A human zombie (Ossuary)
  6 hounds
  2 jellies
  6 gnoll boudas
  3 orc priests
  2 iguanas (D:6)
  Ijyb (D:4)
  Jessica (D:3)
  A scorpion zombie (Ossuary)
  9 orc wizards
  2 mummies (Ossuary)
  22 gnolls
  10 adders
  7 white imps
  A worm (D:4)
  A dart slug (D:4)
  18 orcs
  7 bats
  17 endoplasms
  4 giant cockroaches
  A gnoll zombie (Ossuary)
  7 goblins
  6 hobgoblins
  3 jackals (D:1)
  21 kobolds
  2 quokkas
  9 ball pythons
  A goblin zombie (Ossuary)
  3 hobgoblin zombies (Ossuary)
  2 kobold zombies (Ossuary)
  3 rats
278 creatures vanquished.

Vanquished Creatures (collateral kills)
  A two-headed ogre (D:11)
  2 death yaks (IceCv)
  A polar bear (IceCv)
  A troll (D:10)
  A vampire (D:11)
  5 yaks
  A wolf (IceCv)
  5 centaurs (D:11)
  A kobold brigand (D:7)
  3 gnoll sergeants (Bailey)
  2 howler monkeys (D:8)
  An orc priest (D:9)
  A gnoll bouda (Bailey)
  An orc wizard (D:9)
  2 scorpion zombies (Ossuary)
  A mummy (Ossuary)
  12 gnolls
  6 white imps (D:11)
  An orc (D:9)
  2 kobolds (D:7)
  A hobgoblin zombie (Ossuary)
51 creatures vanquished.

Vanquished Creatures (others)
  2 yaks (IceCv)
  An ancestor (D:8)
  8 hexers
  4 fungi (D:3)
  2 plants (D:3)
17 creatures vanquished.

Grand Total: 346 creatures vanquished

Notes
Turn   | Place    | Note
-------+----------+-------------------------------------------
     0 | D:1      | MirrMurr the Demonspawn Gladiator began the quest for the
                  | Orb.
     0 | D:1      | Reached XP level 1. HP: 16/16 MP: 1/1
   352 | D:1      | Gained mutation: Your touch may inflict minor irresistible
                  | damage on your foes. [demonic ancestry]
   352 | D:1      | Reached XP level 2. HP: 22/22 MP: 2/2
   358 | D:1      | Found a faded altar of an unknown god.
   398 | D:1      | Reached skill level 3 in Polearms
   746 | D:1      | Reached XP level 3. HP: 26/28 MP: 3/3
  1452 | D:2      | Reached XP level 4. HP: 33/34 MP: 4/4
  1672 | D:2      | Found a hide-covered altar of Uskayaw.
  2033 | D:3      | Noticed Sigmund
  2160 | D:3      | Found a basalt altar of Yredelemnul.
  2370 | D:3      | Noticed a scorpion
  2386 | D:3      | Killed a scorpion
  2387 | D:3      | Reached skill level 4 in Polearms
  2387 | D:3      | Gained mutation: A weak demonic guardian rushes to your
                  | aid. [demonic ancestry]
  2387 | D:3      | Reached XP level 5. HP: 4/41 MP: 5/5
  2793 | D:3      | Noticed Grinder
  2973 | D:3      | Killed Grinder
  2974 | D:3      | Gained mutation: You are partially covered in sharp spines.
                  | [demonic ancestry]
  2974 | D:3      | Reached XP level 6. HP: 34/47 MP: 6/6
  3231 | D:3      | Killed Sigmund
  3232 | D:3      | Reached skill level 5 in Polearms
  3271 | D:3      | Noticed Jessica
  3278 | D:3      | Killed Jessica
  3279 | D:3      | Gained mutation: Your touch may inflict irresistible damage
                  | on your foes. [demonic ancestry]
  3279 | D:3      | Reached XP level 7. HP: 51/53 MP: 7/7
  3323 | D:3      | Found a sacrificial altar of Ru.
  3366 | D:4      | Found Boguiv's Fire Supplies.
  3675 | D:4      | Noticed Ijyb
  3681 | D:4      | Killed Ijyb
  3809 | D:4      | Noticed a +0 hand axe
  3810 | D:4      | Noticed a +0 dagger
  3923 | D:4      | Found a staircase to the Ecumenical Temple.
  3929 | Temple   | Entered the Ecumenical Temple
  3929 | Temple   | Found a transporter.
  3929 | Temple   | Found a transporter.
  3931 | Temple   | Found a transporter.
  3931 | Temple   | Found a transporter.
  3983 | Temple   | Became a worshipper of Hepliaklqana the Forgotten
  4087 | D:4      | Found a hide-covered altar of Uskayaw.
  4383 | D:5      | Entered Level 5 of the Dungeon
  4571 | D:5      | Identified the +1 leather armour "Gokhliul" {rPois rF+
                  | Will+ Stlth+}
  5227 | D:5      | HP: 1/55 [gnoll sergeant/+0 trident (15)]
  5811 | D:5      | Reached skill level 6 in Polearms
  5811 | D:5      | Reached XP level 8. HP: 52/61 MP: 8/8
  6532 | D:5      | Reached skill level 5 in Fighting
  6686 | D:6      | Reached skill level 5 in Dodging
  6743 | D:6      | Reached * piety under Hepliaklqana
  6882 | D:6      | Reached skill level 7 in Polearms
  6979 | D:6      | Found Unuischi's Book Shoppe.
  7118 | D:6      | Found a radiant altar of Vehumet.
  7149 | D:6      | Found an iron altar of Okawaru.
  7217 | D:6      | Reached skill level 5 in Throwing
  7227 | D:6      | Gained mutation: A demonic guardian rushes to your aid.
                  | [demonic ancestry]
  7227 | D:6      | Reached XP level 9. HP: 47/61 MP: 9/9
  7805 | D:6      | Found an iron altar of Okawaru.
  7865 | D:6      | Found Unuischi's Book Shoppe.
  8051 | D:6      | Found a radiant altar of Vehumet.
  8294 | D:7      | Found a sand-covered staircase.
  8551 | Ossuary  | Entered an ossuary
  8896 | Ossuary  | Reached skill level 8 in Polearms
  9141 | D:7      | Found a stormy altar of Qazlal.
  9311 | D:7      | Found an opulent altar of Gozag.
  9759 | D:8      | Identified the +1 rapier "Asipn" {antimagic, rC+}
  9884 | D:8      | Reached ** piety under Hepliaklqana
  9885 | D:8      | Remembered your ancestor Teglagyarimegallo as a hexer
  9925 | D:8      | Noticed a two-headed ogre
  9977 | D:8      | Killed a two-headed ogre
  9978 | D:8      | Reached skill level 9 in Polearms
  9978 | D:8      | Gained mutation: You are surrounded by a mild repulsion
                  | field. (EV +2) [demonic ancestry]
  9978 | D:8      | Reached XP level 10. HP: 69/69 MP: 10/10
 10123 | D:8      | Found a flagged portal.
 10131 | Bailey   | Entered a bailey
 10300 | Bailey   | Reached skill level 1 in Armour
 10376 | Bailey   | Noticed Grum
 10411 | Bailey   | Killed Grum
 10713 | Bailey   | Identified the +10 hand axe "Benimy" {venom, rElec rPois
                  | Str+2}
 11453 | D:9      | Reached skill level 10 in Polearms
 11710 | D:9      | Gained mutation: You are surrounded by a moderate repulsion
                  | field. (EV +3) [demonic ancestry]
 11710 | D:9      | Reached XP level 11. HP: 77/77 MP: 11/11
 12189 | D:10     | Entered Level 10 of the Dungeon
 12189 | D:10     | Found a staircase to the Lair.
 12190 | D:10     | Upgraded the game from 0.29-a0-914-g906f1d757c to
                  | 0.29-a0-923-g6e406bff71
 12259 | D:10     | Found a staircase to the Orcish Mines.
 12263 | D:10     | Reached *** piety under Hepliaklqana
 12645 | D:10     | Noticed a two-headed ogre
 12653 | D:10     | Killed a two-headed ogre
 12854 | D:11     | Reached skill level 11 in Polearms
 12864 | D:11     | Reached skill level 1 in Invocations
 12927 | D:11     | Noticed a two-headed ogre
 12936 | D:11     | Killed a two-headed ogre
 13213 | D:11     | Found a frozen archway.
 13224 | IceCv    | Entered an ice cave
 13290 | IceCv    | Reached skill level 5 in Armour
 13321 | IceCv    | Noticed a death yak
 13321 | IceCv    | Noticed a death yak
 13328 | IceCv    | Killed a death yak
 13336 | IceCv    | Killed a death yak
 13337 | IceCv    | Reached XP level 12. HP: 85/85 MP: 15/15
 13384 | IceCv    | Reached skill level 12 in Polearms
 13432 | IceCv    | Reached skill level 5 in Invocations
 13582 | IceCv    | Killed from afar by an ice statue

Illustrated notes

Levels and vault maps discovered:
D:1:      dpeg_arrival_tiny_j, layout_loops_corners,
          shapermc_ecumenical_altar_mp_ritualfount
D:2:      layout_basic, basic_altar
D:3:      layout_basic, nicolae_ru_the_path_less_chosen,
          yredelemnul_altar_generic, uniq_sigmund, uniq_grinder, uniq_jessica
D:4:      layout_loops_ring, mainiacjoe_overflow_surrounded_room,
          dancing_weapons_uskayaw, minmay_temple_entry_enclosed_plants,
          nicolae_shop_fire_sale [nicolae_sub_dead_trees], uniq_ijyb
D:5:      layout_cave_pools, serial_column_ruins, column_ruins_hut_water,
          column_ruins_open_small, column_ruins_corridor_T, column_ruins_grid_3,
          column_ruins_open_large, column_ruins_columns_straight,
          column_ruins_open_small, minmay_misc_feat_cross, glass_columns_a
D:6:      layout_rooms, okawaru_metal_pillars_1_2, marbit_many_paths,
          serial_shops, nicolae_shop_trees, minmay_misc_feat_secret_circle,
          minmay_between
D:7:      layout_rooms, nicolae_gozag_seed_capital,
          nicolae_qazlal_general_emergency, amcnicky_altar_gilded,
          nicolae_ossuary_entry_ruins
D:8:      layout_loops_ring, enter_bailey_3, minmay_manual_mares
D:9:      layout_stronghold
D:10:     layout_rooms, lair_entry_dummy, orc_0_dummy
D:11:     layout_basic, portal_ice_cave_entry_imps
Temple:   hellmonk_temple_divided_pantheon
IceCv:    ice_cave_caverns_01

Skill      XL: |  1  2  3  4  5  6  7  8  9 10 11 12 |
---------------+-------------------------------------+-----
Polearms       | 3 4 5 6 7 9 10 11 12 | 12.1
Throwing       | 2 3 4 5 6 7 |  7.7
Dodging        | 3 4 5 6 |  6.5
Fighting       | 3 4 5 6 7 9 |  9.4
Armour         | 3 5 |  5.5
Invocations    | 4 5 |  5.0

Action                   |  1- 3 |  4- 6 |  7- 9 | 10-12 || total
-------------------------+-------+-------+-------+-------++-------
Melee: Trident           |    72 |    88 |   302 |   476 ||   938
       Touch             |    13 |    10 |    32 |    18 ||    73
       Punch             |       |       |     6 |     1 ||     7
Throw: Throwing net      |       |     1 |     1 |       ||     2
       Dart              |       |       |     1 |     2 ||     3
Invok: Ancestor Identity |       |       |     1 |       ||     1
       Ancestor Life: He |       |       |     1 |       ||     1
Evoke: Wand              |       |       |     7 |       ||     7
  Use: Scroll            |     4 |     4 |    21 |     6 ||    35
       Potion            |       |     1 |       |     1 ||     2
 Stab: Sleeping          |     2 |     2 |     2 |       ||     6
       Distracted        |     1 |       |     3 |     7 ||    11
       Confused          |       |       |       |     6 ||     6
Armor: Leather armour    |    19 |    16 |     4 |       ||    39
       Ring mail         |       |       |    11 |       ||    11
       Scale mail        |       |       |    40 |   131 ||   171
Dodge: Dodged            |    26 |    37 |   150 |   184 ||   397
Block: Kite shield       |       |       |       |    72 ||    72

Table legend: (Time is in decaauts)
 A = Elapsed time spent in this place.
 B = Non-inter-level travel time spent in this place.
 C = Inter-level travel time spent in this place.
 D = Time resting spent in this place.
 E = Time spent auto-exploring this place.
 F = Levels seen in this place.
 G = Mean time per level.
                   A        B        C        D        E       F      G
               +--------+--------+--------+--------+--------+-----+--------+
         Total |  13556 |  12806 |    750 |     57 |  10192 |  15 |  903.7 |
       Dungeon |  12008 |  11273 |    735 |     57 |   9289 |  11 | 1091.6 |
        Temple |     70 |     55 |     15 |      0 |      6 |   1 |   70.0 |
       Ossuary |    478 |    478 |      0 |      0 |    350 |   1 |  478.0 |
        Bailey |    648 |    648 |      0 |      0 |    326 |   1 |  648.0 |
      Ice Cave |    349 |    349 |      0 |      0 |    221 |   1 |  349.0 |
               +--------+--------+--------+--------+--------+-----+--------+

Top non-repeatable levels by time:
     D:4: 1806 daAuts
     D:6: 1675 daAuts
     D:5: 1513 daAuts
     D:3: 1172 daAuts
     D:2: 1129 daAuts
     D:1: 1116 daAuts
     D:9: 992 daAuts
     D:8: 938 daAuts
     D:7: 669 daAuts
  Bailey: 648 daAuts
    D:11: 513 daAuts
    D:10: 482 daAuts
 Ossuary: 478 daAuts
   IceCv: 349 daAuts
  Temple: 70 daAuts
